 Dungeon Crawl Stone Soup version 0.31-a0-177-g4aa6249778 (webtiles) character file.

Game seed: 6596133358312402911

222 qw the Shooter (level 5, -7/50 HPs)
             Began as a Naga Hunter on June 18, 2023.
             Mangled by an ice beast (12 damage)
             ... on level 5 of the Dungeon.
             The game lasted 00:01:09 (2748 turns).

qw the Shooter (Naga Hunter)                        Turns: 2748, Time: 00:01:09

Health: -7/50      AC:  4    Str: 13    XL:     5   Next: 99%
Magic:  5/5        EV:  9    Int:  9    God:
Gold:   78         SH:  0    Dex: 20    Spells: 4/4 levels left

rFire   . . .        b - +7 sling "Dragon's Peril" {flame, Dex+3}
rCold   . . .        (no shield)
rNeg    . . .        c - +0 leather armour
rPois   +            e - +0 helmet
rElec   .            (no cloak)
rCorr   .            (no gloves)
SInv    +            (no barding)
Will    .....        (no amulet)
Stlth   ++           (no ring)
HPRegen 0.28/turn    (no ring)
MPRegen 0.09/turn

%: no passive effects
@: about to teleport, very slow
A: AC +1, large, see invisible, deformed body, poison resistance, slowness 2,
spit poison 1, naga tail 1
a: Spit Poison


You were on level 5 of the Dungeon.
You visited 1 branch of the dungeon, and saw 5 of its levels.

You collected 138 gold pieces.
You spent 60 gold pieces at shops.


Innate Abilities, Weirdness & Mutations

Your serpentine skin is tough. (AC +1)
You have supernaturally acute eyesight. (SInv)
Armour fits poorly on your strangely shaped body.
Your system is resistant to poisons. (rPois)
You cover ground very slowly.
You can spit poison.
You have a snake-like lower body.


   Skills:
 - Level 3.7 Fighting
 + Level 5.6 Ranged Weapons
 - Level 1.5 Dodging
 - Level 1.5 Stealth


You had 4 spell levels left.
You didn't know any spells.
Your spell library was empty.

Inventory:

Hand Weapons
 b - the +7 sling "Dragon's Peril" (weapon) {flame, Dex+3}
   (You found it on level 2 of the Dungeon)

   Dex:       It affects your dexterity (+3).
Armour
 c - a +0 leather armour (worn)
 e - a +0 helmet (worn)
Jewellery
 a - a ring of fire
Scrolls
 d - a scroll of immolation {unknown}
 f - 2 scrolls of teleportation
 h - a scroll of identify
Potions
 g - 3 potions of haste
 i - 3 potions of curing
 j - a potion of cancellation

Dungeon Overview and Level Annotations

Branches:
Dungeon (5/15)
 Temple: D:4-7

Altars:

Shops:
D:3 !


Message History

You feel yourself slow down.
You now have 75 gold pieces (gained 5).
Found 3 poisoned darts.
You now have 78 gold pieces (gained 3).
d - a scroll labelled CUADDE JAUCY
Enter note:
Found a sling.
Found an escape hatch in the ceiling.
Enter note: An ice beast comes into view.
You shoot a sling bullet. The sling bullet hits the ice beast.
The sling bullet melts the ice beast.
The ice beast is lightly wounded.
An ice beast is nearby!
Enter note: You shoot a sling bullet.
The sling bullet hits the ice beast.
The sling bullet melts the ice beast.
The ice beast is moderately wounded.
You shoot a sling bullet.
The sling bullet hits the ice beast but does no damage.
The ice beast is moderately wounded.
You shoot a sling bullet. The sling bullet hits the ice beast!
The sling bullet melts the ice beast.
The ice beast is heavily wounded.
The ice beast closely misses you.
You shoot a sling bullet. The sling bullet hits the ice beast.
The sling bullet melts the ice beast.
The ice beast is severely wounded.
The ice beast hits you. The ice beast freezes you!
You shoot a sling bullet.
The sling bullet completely misses the ice beast.
The ice beast hits you. The ice beast freezes you!
You shoot a sling bullet. The sling bullet hits the ice beast.
The sling bullet melts the ice beast.
The ice beast is almost dead.
The ice beast hits you. The ice beast freezes you!
2748 ||| READING 3 scrolls of teleportation.
As you read the scroll of teleportation, it crumbles to dust.
You feel strangely unstable. The ice beast hits you. The ice beast freezes you!
You die...

###...##...### ###
..
.............##..
...
................#..
#............#....
#.#..........#.###
#............#
.............###
........(....##
..##..##....@.# .
.... ##...Y...#
.#...........[## #
###..........#
...........
.....###)<.. .....
..... ..... ......


You could see an ice beast.

Vanquished Creatures
  A bullfrog (D:4)
  An orc priest (D:4)
  An orc wizard (D:4)
  3 adders
  A dart slug (D:1)
  6 orcs (D:4)
  8 bats
  5 endoplasms
  2 giant cockroaches (D:1)
  6 goblins
  5 hobgoblins
  A quokka (D:1)
  9 ball pythons
  4 frilled lizards
  9 kobolds
  7 rats
69 creatures vanquished.

Notes
Turn   | Place    | Note
-------+----------+-------------------------------------------
     0 | D:1      | qw the Naga Hunter began the quest for the Orb.
     0 | D:1      | Reached XP level 1. HP: 19/19 MP: 1/1
     0 | D:1      | 0 ||| qw: Version: 0.3-a-7-ge0c9b40
     0 | D:1      | 0 ||| qw: Game counter: 830
     0 | D:1      | 0 ||| qw: Always use a shield: true
     0 | D:1      | 0 ||| qw: God list: Okawaru
     0 | D:1      | 0 ||| qw: Allow faded altars: false
     0 | D:1      | 0 ||| qw: Do Orc after D:15 true
     0 | D:1      | 0 ||| qw: Do second Lair branch before Depths: true
     0 | D:1      | 0 ||| qw: Lair rune preference: random
     0 | D:1      | 0 ||| qw: Plans: Normal
     0 | D:1      | 0 ||| PLANNING D:1-11
    35 | D:1      | 35 ||| INVOKING Spit Poison.
    40 | D:1      | 40 ||| INVOKING Spit Poison.
    43 | D:1      | 43 ||| INVOKING Spit Poison.
   109 | D:1      | 109 ||| INVOKING Spit Poison.
   110 | D:1      | 110 ||| INVOKING Spit Poison.
   114 | D:1      | Reached skill level 4 in Ranged Weapons
   114 | D:1      | Reached XP level 2. HP: 26/26 MP: 2/2
   129 | D:1      | 129 ||| INVOKING Spit Poison.
   130 | D:1      | 130 ||| INVOKING Spit Poison.
   134 | D:1      | 134 ||| INVOKING Spit Poison.
   210 | D:1      | 210 ||| INVOKING Spit Poison.
   220 | D:1      | 220 ||| INVOKING Spit Poison.
   277 | D:1      | 277 ||| INVOKING Spit Poison.
   329 | D:1      | 329 ||| INVOKING Spit Poison.
   343 | D:1      | 343 ||| INVOKING Spit Poison.
   346 | D:1      | 346 ||| INVOKING Spit Poison.
   351 | D:1      | 351 ||| INVOKING Spit Poison.
   472 | D:1      | 472 ||| INVOKING Spit Poison.
   474 | D:1      | Reached XP level 3. HP: 32/32 MP: 3/3
   480 | D:1      | 480 ||| INVOKING Spit Poison.
   540 | D:1      | 540 ||| INVOKING Spit Poison.
   905 | D:1      | 905 ||| READING scroll labelled CASORU XOMAO.
   906 | D:1      | 906 ||| READING 2 scrolls labelled YSHEUT QAJOLL.
   911 | D:1      | 911 ||| READING scroll labelled XUCHON WAPH.
   912 | D:1      | 912 ||| READING 3 scrolls labelled VOUNYD ATUN.
   913 | D:1      | 913 ||| READING scroll labelled DYCIOFF JYRO.
  1014 | D:1      | 1014 ||| READING 2 scrolls of identify.
  1014 | D:1      | 1014 ||| IDENTIFYING smoky dark potion
  1015 | D:1      | 1015 ||| DROPPING scroll of butterflies.
  1016 | D:1      | 1016 ||| DROPPING potion of lignification.
  1042 | D:2      | 1042 ||| INVOKING Spit Poison.
  1046 | D:2      | 1046 ||| INVOKING Spit Poison.
  1085 | D:2      | 1085 ||| INVOKING Spit Poison.
  1091 | D:2      | 1091 ||| INVOKING Spit Poison.
  1094 | D:2      | 1094 ||| INVOKING Spit Poison.
  1099 | D:2      | 1099 ||| INVOKING Spit Poison.
  1106 | D:2      | 1106 ||| INVOKING Spit Poison.
  1111 | D:2      | 1111 ||| INVOKING Spit Poison.
  1145 | D:2      | Identified the +7 sling "Dragon's Peril" {flame, Dex+3}
  1148 | D:2      | 1148 ||| SWAPPING to +7 sling "Dragon's Peril" {flame,
                  | Dex+3}.
  1149 | D:2      | 1149 ||| DROPPING +0 shortbow.
  1208 | D:2      | 1208 ||| INVOKING Spit Poison.
  1210 | D:2      | Reached skill level 5 in Ranged Weapons
  1210 | D:2      | Reached XP level 4. HP: 39/39 MP: 4/4
  1219 | D:2      | 1219 ||| INVOKING Spit Poison.
  1225 | D:2      | 1225 ||| INVOKING Spit Poison.
  1228 | D:2      | Found a faded altar of an unknown god.
  1230 | D:2      | 1230 ||| INVOKING Spit Poison.
  1264 | D:2      | 1264 ||| INVOKING Spit Poison.
  1496 | D:3      | 1496 ||| INVOKING Spit Poison.
  1672 | D:3      | 1672 ||| DROPPING +0 sling of flaming.
  1692 | D:3      | Found Huggam's Distillery.
  1699 | D:3      | 1699 ||| SHOPLISTING 2 potions of haste (200 gold, have
                  | 77).
  1699 | D:3      | 1699 ||| BUYING potion of curing (30 gold).
  1699 | D:3      | Bought a potion of curing for 30 gold pieces
  1699 | D:3      | 1699 ||| BUYING potion of curing (30 gold).
  1699 | D:3      | Bought a potion of curing for 30 gold pieces
  1699 | D:3      | 1699 ||| SHOPLISTING potion of haste (100 gold, have 17).
  1699 | D:3      | 1699 ||| SHOPLISTING potion of heal wounds (50 gold, have
                  | 17).
  1872 | D:3      | 1872 ||| INVOKING Spit Poison.
  1929 | D:3      | 1929 ||| UPGRADING to +0 helmet.
  1934 | D:3      | 1934 ||| READING scroll labelled CONTEN RETUO.
  1948 | D:4      | 1948 ||| INVOKING Spit Poison.
  1955 | D:4      | 1955 ||| INVOKING Spit Poison.
  2012 | D:4      | Noticed a bullfrog
  2013 | D:4      | 2013 ||| INVOKING Spit Poison.
  2016 | D:4      | 2016 ||| INVOKING Spit Poison.
  2017 | D:4      | Killed a bullfrog
  2018 | D:4      | Reached skill level 3 in Fighting
  2018 | D:4      | Reached XP level 5. HP: 31/50 MP: 5/5
  2100 | D:4      | 2100 ||| INVOKING Spit Poison.
  2103 | D:4      | 2103 ||| INVOKING Spit Poison.
  2157 | D:4      | 2157 ||| INVOKING Spit Poison.
  2370 | D:4      | 2370 ||| INVOKING Spit Poison.
  2385 | D:4      | 2385 ||| INVOKING Spit Poison.
  2403 | D:4      | 2403 ||| INVOKING Spit Poison.
  2408 | D:4      | 2408 ||| Stepping ~*~*~tactically~*~*~ (outnumbered).
  2409 | D:4      | 2409 ||| INVOKING Spit Poison.
  2426 | D:4      | 2426 ||| INVOKING Spit Poison.
  2575 | D:4      | 2575 ||| INVOKING Spit Poison.
  2688 | D:4      | 2688 ||| READING scroll labelled RUBROGOL TEODE.
  2689 | D:4      | 2689 ||| DRINKING 4 sapphire potions.
  2690 | D:4      | 2690 ||| READING 3 scrolls of identify.
  2690 | D:4      | 2690 ||| IDENTIFYING orange potion
  2691 | D:4      | 2691 ||| READING 2 scrolls of identify.
  2691 | D:4      | 2691 ||| IDENTIFYING amethyst potion
  2692 | D:4      | 2692 ||| DROPPING potion of invisibility.
  2708 | D:5      | Entered Level 5 of the Dungeon
  2739 | D:5      | Noticed an ice beast
  2747 | D:5      | HP: 7/50 [ice beast (12)]
  2748 | D:5      | 2748 ||| READING 3 scrolls of teleportation.
  2748 | D:5      | Mangled by an ice beast

Levels and vault maps discovered:
D:1:      sevenhm_arrival_forest_fort_small_5, layout_basic, st_stairs_8,
          minmay_split_cup_large
D:2:      layout_basic, basic_ecumenical_altar
D:3:      layout_basic, serial_shops, nicolae_diamond_shop
D:4:      layout_loops_cross, kennysheep_generic_room_6
D:5:      wander_river, layout_rooms, minmay_temple_entry_proselytizer

Skill      XL: |  1  2  3  4 |
---------------+-------------+-----
Ranged Weapons | 4 5 |  5.6
Fighting       | 3 |  3.7
Dodging        | |  1.5
Stealth        | |  1.5

Action                     |  1- 3 |  4- 6 || total
---------------------------+-------+-------++-------
   Fire: Shortbow          |    66 |       ||    66
         Sling             |     2 |    46 ||    48
Ability: Spit Poison       |    25 |    19 ||    44
    Use: Scroll            |     6 |     5 ||    11
         Potion            |       |     1 ||     1
 Armour: Leather armour    |     4 |     7 ||    11
  Dodge: Dodged            |    18 |     8 ||    26

Table legend:
 A = Non-vault XP
 B = Vault XP
 C = Vault XP percentage of total XP
 D = Non-vault monster count
 E = Vault monster count
 F = Vault count percentage of total count
                 A         B        C        D         E       F
            +---------+---------+-------+---------+---------+-------
      Total |     308 |      10 |   3.1 |      63 |       6 |   8.7
            +---------+---------+-------+---------+---------+-------
        D:1 |      35 |       9 |  20.5 |      21 |       5 |  19.2
        D:2 |      56 |       0 |   0.0 |      21 |       0 |   0.0
        D:3 |       7 |       0 |   0.0 |       6 |       0 |   0.0
        D:4 |     210 |       1 |   0.5 |      15 |       1 |   6.2
            +---------+---------+-------+---------+---------+-------
